 Dungeon Crawl Stone Soup version 0.20-a0-1116-gaa52201 (webtiles) character file.

378700 bitter the Tortoise (level 22, -9/153 HPs)
             Began as a Gargoyle Fighter on May 6, 2017.
             Was a Priest of Qazlal.
             Killed by the air
             ... invoked by a titan
              (49 damage)
             ... on level 5 of the Vaults on May 7, 2017.
             The game lasted 04:12:47 (54914 turns).

bitter the Tortoise (Gargoyle Fighter)             Turns: 54914, Time: 04:12:48

Health: -9/153     AC: 45    Str: 29    XL:     22   Next: 83%
Magic:  6/35       EV: 16    Int: 13    God:    Qazlal [***...]
Gold:   2463       SH: 19    Dex: 12    Spells: 20/21 levels left

rFire    + . .     SeeInvis .   Q - +4 demon whip of the Mushroom {elec, rN++ Str+4 Int+2}
rCold    + . .     Gourm    .   c - +0 shield
rNeg     + + +     Faith    +   q - +3 plate armour rPois โˆž Spirit .
                                L - +0 helmet
rElec    +         Reflect  .   R - +1 cloak {MR+}
rCorr    .         Harm     .   P - +1 pair of gloves
MR       ++...                  O - -4 pair of boots of Untruth {rF+ rC+ rN+}
Stlth    ..........             C - amulet of faith
Regen    0.4/turn               D - +4 ring of evasion
MPRegen  0.3/turn               J - +3 ring of slaying

@: silence, flying
A: big wings, negative energy resistance 1, electricity resistance, unbreathing,
petrification resistance, rot immunity, AC +16
}: 2/15 runes: barnacled, gossamer
a: Stop Flying, Renounce Religion


You were on level 5 of the Vaults.
You worshipped Qazlal.
Qazlal was most pleased with you.
You were not hungry.

You visited 6 branches of the dungeon, and saw 36 of its levels.

You collected 3645 gold pieces.
You spent 1182 gold pieces at shops.

Inventory:

Hand Weapons
 r - a +2 flail of crushing
 Q - the +4 demon whip of the Mushroom (weapon) {elec, rN++ Str+4 Int+2}
   (You acquired it on level 1 of the Vaults)

   Occasionally, upon striking a foe, it will discharge some electrical energy
   and cause terrible harm.
   It affects your strength (+4).
   It affects your intelligence (+2).
   It greatly protects you from negative energy.
Missiles
 I - 11 throwing nets (quivered)
Armour
 c - a +0 shield (worn)
 q - a +3 plate armour (worn)
 L - a +0 helmet (worn)
 O - the -4 pair of boots of Untruth (worn) {rF+ rC+ rN+}
   (You acquired it on level 1 of the Vaults)

   It protects you from fire.
   It protects you from cold.
   It protects you from negative energy.
 P - a +1 pair of gloves (worn)
 R - a +1 cloak of magic resistance (worn)
 U - a scarf of resistance
Jewellery
 C - an amulet of faith (around neck)
 D - a +4 ring of evasion (left hand)
 J - a +3 ring of slaying (right hand)
Wands
 i - a wand of paralysis (11/24)
 u - a wand of clouds (0/9)
 y - a wand of scattershot (4/9)
 M - a wand of disintegration (15/24)
Scrolls
 a - 11 scrolls of magic mapping
 d - 2 scrolls of brand weapon {unknown}
 e - 8 scrolls of identify
 h - 9 scrolls of teleportation
 j - 2 scrolls of enchant weapon
 o - 2 scrolls of silence
 p - 3 scrolls of fog
 t - 2 scrolls of blinking
 v - 4 scrolls of immolation
 w - 12 scrolls of recharging
 A - 14 scrolls of remove curse
 F - 2 scrolls of enchant armour
 H - 2 scrolls of fear
 W - a scroll of vulnerability {unknown}
 Z - a scroll of amnesia
Potions
 b - 5 potions of cancellation
 l - 12 potions of curing
 m - 2 potions of berserk rage
 n - 5 potions of might
 s - 5 potions of ambrosia
 z - a potion of magic
 E - a potion of brilliance {unknown}
 G - 5 potions of invisibility
 S - 5 potions of mutation {unknown}
 T - a potion of resistance
 V - a potion of haste
Miscellaneous
 K - a phial of floods
Comestibles
 f - 19 bread rations
 g - 14 meat rations
 x - 22 royal jellies
 B - 10 fruits


   Skills:
 + Level 20.8 Fighting
 - Level 15.0 Maces & Flails
 + Level 20.9 Armour
 + Level 7.6 Dodging
 - Level 15.2 Shields
 + Level 19.3 Invocations


You had 20 spell levels left.
You knew the following spells:

 Your Spells              Type           Power        Failure   Level  Hunger
a - Apportation           Tloc           #.....       77%         1    ##.....


Dungeon Overview and Level Annotations

Branches:
Dungeon (15/15)            Temple (0/1) D:4            Lair (6/6) D:8
 Shoals (4/4) Lair:2       Spider (4/4) Lair:3        Slime (0/5) Lair:6
    Orc (2/2) D:9             Elf (0/3) Orc:2        Vaults (5/5) D:14
  Crypt (0/3) Vaults:3     Depths (0/5) D:15

Altars:
Elyvilon
Fedhas
Kikubaaqudgha
Makhleb
Qazlal
Ru
Vehumet
Wu Jian
Zin
The Shining One
Beogh

Shops:
D:10 :   D:11 =   Orc:2 :[!!   Vaults:1 %??*=   Vaults:2 !   Vaults:3 [:

Annotations:
D:12 endorz's ghost, journeyman MiBe
Shoals:1 exclusion: Roxanne, Roxanne


Innate Abilities, Weirdness & Mutations

You are resistant to torment.
Your stone body is resilient. (AC +16)
You are immune to poison.
Your large and strong wings let you fly indefinitely.
You resist negative energy. (rN+)
You are resistant to electric shocks. (rElec)
You can survive without breathing.
You are immune to petrification.
You are immune to rotting.


Message History

The stone giant throws a large rock.
The large rock hits you.
* * * LOW HITPOINT WARNING * * *
The yaktaur shoots a bolt.
You block the bolt.
A titan comes into view.
Things that are here:
a bolt; a large rock The yaktaur captain wields an arbalest.
The yaktaur captain shoots a bolt.
You block the bolt.
The ancient lich is engulfed in blazing flames. 2 ogres come into view.
You see here a bolt.
An ogre comes into view. It is wielding a giant club.
A titan comes into view.
The titan looks angry.
Found a scroll of enchant armour.
The yaktaur shoots a bolt.
You block the bolt.
You see here a bolt.
The titan waves its arms in wide circles.
The air twists around and violently strikes you in flight!
You die...

###.. ..# ....#..#
... ...#..# .e##
####..#..# โ‰ˆ).
.....#..# )L ......#
โ‰ˆ#####
###############....#
......
.......@L.ยง.....(..#
Q.*(..
......C...C.((.(...#
p.p..e
..?................#
......
............cc.....#
..#X##
.############C#....#
.... .CO....# ....C.
...O.#..# ....a.
.........# .....#
.#pcpO.#..#


You could see 3 titans, an ancient lich, a yaktaur captain, a yaktaur and an
ogre.

Vanquished Creatures
  Mennas (Vaults:4)
  Nikola (Spider:2)
  Arachne (Spider:4)
  2 tentacled monstrosities
  A lich (Vaults:4)
  A kraken (Shoals:4)
  A quicksilver dragon (Vaults:5)
  Asterion (Vaults:3)
  2 titans
  2 sphinxes
  Agnes (D:14)
  Kirke (Spider:4)
  The ghost of Zigma the Brawler, an adept DrMo of the Shining One (Shoals:4)
  4 tengu reavers
  Ilsuiw (Shoals:3)
  2 frost giants (Vaults:5)
  2 fire giants (Vaults:4)
  10 vault wardens
  3 emperor scorpions
  Louise (Shoals:1)
  A deep elf sorcerer (Vaults:4)
  6 ghost moths
  Aizul (Vaults:1)
  18 ironheart preservers
  7 very ugly things
  8 entropy weavers
  10 stone giants
  A vampire knight (Vaults:3)
  Azrael (D:13)
  2 deep elf demonologists
  2 spark wasps (Spider:4)
  An ettin (Vaults:5)
  6 merfolk javelineers
  A crystal guardian (Vaults:4)
  2 deep elf death magi
  A fire dragon (Vaults:1)
  15 merfolk impalers
  11 vault guards
  9 yaktaur captains
  2 ice dragons (Vaults:2)
  4 great orbs of eyes
  6 rakshasas
  Fannar (Lair:3)
  11 hydras
  2 catoblepae
  5 merfolk aquamancers
  12 centaur warriors
  2 alligator snapping turtles
  4 death knights
  4 merfolk avatars
  3 deep troll shamans
  5 satyrs
  27 two-headed ogres
  2 deep troll earth magi
  9 ogre magi
  A queen ant (Lair:1)
  4 orc high priests (Orc:2)
  5 deep elf knights
  Sonja (D:10)
  A storm dragon zombie (Vaults:1)
  3 shadow wraiths
  2 skeletal warriors
  2 unseen horrors
  11 sea snakes
  13 deep trolls
  2 flayed ghosts
  2 wizards
  A deep elf archer (D:14)
  2 glowing orange brains
  14 orc knights
  3 phantasmal warriors
  4 necromancers
  17 ironbrand convokers
  23 harpies
  A sphinx zombie (Vaults:4)
  31 ugly things
  17 deep elf magi
  33 wolf spiders
  A stone giant zombie (Vaults:4)
  18 orb spiders
  A tengu skeleton (Vaults:4)
  21 fauns
  18 manticores
  3 elephants
  5 cyclopes
  7 orc sorcerers
  A faun (shapeshifter) (Vaults:2)
  2 frost giant skeletons (Vaults:4)
  3 moths of wrath
  An elephant (shapeshifter) (D:15)
  A titan simulacrum (Vaults:4)
  12 merfolk sirens
  16 vault sentinels
  6 black mambas
  A stone giant skeleton (Vaults:4)
  An eye of devastation (Lair:6)
  3 water nymphs
  2 torpor snails (Spider:2)
  9 centaur skeletons
  A yaktaur zombie (Vaults:1)
  16 spiny frogs
  41 yaktaurs
  10 komodo dragons
  A rime drake (Lair:5)
  9 demonic crawlers
  12 freezing wraiths
  31 jumping spiders
  A meliai (shapeshifter) (Vaults:1)
  10 trolls
  A tengu conjurer (D:14)
  44 merfolk
  7 polar bears
  14 hornets
  A troll (shapeshifter) (Vaults:2)
  3 wind drakes
  A raiju (shapeshifter) (Vaults:1)
  13 hippogriffs
  14 blink frogs
  30 slime creatures
  18 snapping turtles
  12 dream sheep
  3 human simulacra
  5 water elementals
  13 spriggans (Lair:6)
  A yak (shapeshifter) (Vaults:2)
  75 redbacks
  6 wyverns
  An ettin skeleton (Vaults:4)
  3 vampires (Vaults:3)
  29 tarantellas
  5 wraiths
  A wyvern (shapeshifter) (Vaults:3)
  5 basilisks
  A fire bat (shapeshifter) (Vaults:4)
  3 fire elementals (D:13)
  67 yaks
  A hog (Spider:4)
  3 hungry ghosts
  A steam dragon (Lair:2)
  A yaktaur simulacrum (Vaults:1)
  2 vampire mosquitoes (D:14)
  3 human zombies
  8 wargs
  4 acid dragons
  5 hell hounds (D:13)
  15 soldier ants
  9 porcupines
  15 water moccasins
  52 orc warriors
  4 sky beasts
  5 ice beasts
  9 black bears
  An eye of draining (shapeshifter) (D:15)
  An eye of draining (Lair:5)
  5 phantoms
  2 necrophages
  15 boggarts
  25 centaurs
  31 wolves
  41 ogres
  18 crocodiles
  An orc skeleton (Vaults:1)
  3 big kobolds
  21 bullfrogs
  2 wyvern skeletons
  7 scorpions
  A water moccasin skeleton (D:8)
  7 killer bees
  3 electric eels
  A howler monkey (D:5)
  5 wights (D:10)
  10 crimson imps
  The ghost of gorpus the Grave Robber, a weakling DENe (D:3)
  4 centaur zombies
  A quasit (D:5)
  6 hounds
  37 orc priests
  5 jellies
  36 orc wizards
  2 bullfrog zombies
  An iguana (D:6)
  Natasha (thrice) (D:2)
  43 worker ants
  2 hound skeletons
  A howler monkey zombie (D:9)
  7 gnolls
  16 adders
  2 shadow imps
  An ooze (D:1)
  4 worms (D:2)
  2 dart slugs (D:1)
  5 leopard geckos
  154 orcs
  7 giant cockroaches
  5 goblins
  7 hobgoblins
  5 jackals
  A quokka (D:9)
  A ball python (D:4)
  6 bats
  2 frilled lizards
  24 kobolds
  A leopard gecko zombie (D:5)
  7 rats
  4 plants (Shoals:4)
  4 tentacles (Shoals:4)
1818 creatures vanquished.

Vanquished Creatures (collateral kills)
  A titan (Vaults:5)
  An orc warlord (Orc:2)
  A stone giant (Orc:2)
  A deep elf annihilator (Vaults:5)
  Snorg (Lair:1)
  Josephine (Lair:5)
  A vault guard (Vaults:5)
  A yaktaur (Vaults:5)
  A wraith (Lair:5)
  An ogre (Vaults:5)
  A bullfrog (Lair:5)
11 creatures vanquished.

Vanquished Creatures (others)
  A vault guard (Vaults:5)
  2 merfolk aquamancers
  An orb spider (Spider:4)
  2 elephants (Lair:6)
  A centaur zombie (D:13)
  A jumping spider (Spider:4)
  2 hornets
  2 redbacks
  2 humans (Spider:4)
  An ogre (Vaults:1)
  17 fungi
  24 plants
  11 tentacles (Shoals:4)
67 creatures vanquished.

Grand Total: 1896 creatures vanquished

Notes
Turn   | Place    | Note
-------+----------+-------------------------------------------
     0 | D:1      | bitter the Gargoyle Fighter began the quest for the Orb.
     0 | D:1      | Reached XP level 1. HP: 14/14 MP: 1/1
     2 | D:1      | Noticed a human
     2 | D:1      | Noticed an elf
     4 | D:1      | Noticed a merfolk
     4 | D:1      | Noticed a formicid
     6 | D:1      | Noticed a dwarf
     6 | D:1      | Noticed a naga
     8 | D:1      | Noticed a draconian
    10 | D:1      | Noticed a tengu
    10 | D:1      | Noticed a spriggan
    12 | D:1      | Noticed a vine stalker
    12 | D:1      | Noticed an octopode
    14 | D:1      | Noticed a halfling
    14 | D:1      | Noticed a demonspawn
    16 | D:1      | Noticed a centaur
    18 | D:1      | Noticed a troll
    18 | D:1      | Noticed an ogre
    20 | D:1      | Noticed a demigod
    20 | D:1      | Noticed a vampire
    22 | D:1      | Noticed a felid
    24 | D:1      | Noticed a gargoyle
    26 | D:1      | Noticed a minotaur
    26 | D:1      | Noticed a ghoul
   135 | D:1      | Reached XP level 2. HP: 19/19 MP: 2/2
   623 | D:1      | Reached XP level 3. HP: 21/23 MP: 3/3
   653 | D:2      | Noticed Natasha
   668 | D:2      | Killed Natasha
   673 | D:2      | Noticed Natasha
   685 | D:2      | Killed Natasha
   685 | D:2      | Reached XP level 4. HP: 23/29 MP: 4/4
   801 | D:2      | Noticed Natasha
   820 | D:2      | Killed Natasha
   950 | D:2      | Reached XP level 5. HP: 27/33 MP: 5/5
  1726 | D:3      | Noticed gorpus's ghost (weakling DENe)
  1819 | D:3      | Killed gorpus's ghost
  2790 | D:3      | Reached XP level 6. HP: 38/39 MP: 6/6
  2888 | D:3      | Found a stormy altar of Qazlal.
  2903 | D:3      | Became a worshipper of Qazlal Stormbringer
  3355 | D:4      | Found a sacrificial altar of Ru.
  3445 | D:4      | Found a staircase to the Ecumenical Temple.
  3532 | D:4      | Noticed a necrophage
  3672 | D:3      | Killed a necrophage
  3672 | D:3      | Reached skill level 5 in Fighting
  3681 | D:4      | Reached skill level 5 in Shields
  3864 | D:4      | Reached XP level 7. HP: 39/44 MP: 7/7
  3948 | D:5      | Entered Level 5 of the Dungeon
  4028 | D:5      | Reached skill level 5 in Armour
  4471 | D:5      | Noticed a hungry ghost
  4485 | D:5      | Killed a hungry ghost
  4485 | D:5      | Reached XP level 8. HP: 47/51 MP: 8/8
  4657 | D:5      | Reached * piety under Qazlal
  4673 | D:5      | Reached skill level 5 in Maces & Flails
  5709 | D:6      | Reached XP level 9. HP: 56/56 MP: 9/9
  6094 | D:7      | Reached ** piety under Qazlal
  7044 | D:8      | Found a burning altar of Makhleb.
  7045 | D:8      | Found a radiant altar of Vehumet.
  7672 | D:8      | Found a glowing golden altar of the Shining One.
  7727 | D:8      | Reached XP level 10. HP: 62/65 MP: 10/10
  7744 | D:8      | Found a sacrificial altar of Ru.
  7987 | D:8      | Found an ornate altar of the Wu Jian Council.
  8143 | D:8      | Found a staircase to the Lair.
  8437 | D:8      | Found a blossoming altar of Fedhas.
  8437 | D:8      | Found a white marble altar of Elyvilon.
  8572 | Lair:1   | Entered Level 1 of the Lair of Beasts
  8591 | Lair:1   | Noticed a spiny frog
  8630 | Lair:1   | Killed a spiny frog
  8630 | Lair:1   | Reached *** piety under Qazlal
  8762 | Lair:1   | Noticed a seven-headed hydra
  9319 | Lair:1   | Noticed a spiny frog
  9337 | Lair:1   | Killed a spiny frog
  9337 | Lair:1   | Reached skill level 1 in Invocations
  9337 | Lair:1   | Reached XP level 11. HP: 72/72 MP: 10/12
  9409 | Lair:1   | Got a shimmering leather armour
 10151 | Lair:2   | Noticed an eight-headed hydra
 10174 | Lair:2   | Reached skill level 10 in Fighting
 10197 | Lair:2   | Identified the cursed +1 leather armour "Nymo Tei" {MR+} (You found it on level 1 of the Lair of Beasts)
 10538 | Lair:2   | Found a staircase to the Shoals.
 10755 | Lair:2   | Reached **** piety under Qazlal
 10760 | Lair:2   | Reached skill level 10 in Armour
 10766 | Lair:2   | Noticed a queen ant
 10806 | Lair:1   | Killed a 13-headed hydra
 10891 | Lair:1   | Killed a queen ant
 10891 | Lair:1   | Reached skill level 10 in Shields
 11684 | Lair:3   | Reached XP level 12. HP: 71/79 MP: 15/15
 11774 | Lair:3   | Reached skill level 5 in Invocations
 12049 | Lair:3   | Reached ***** piety under Qazlal
 12058 | Lair:3   | Noticed Snorg
 12075 | Lair:3   | Noticed an eight-headed hydra
 12599 | Lair:2   | Reached skill level 10 in Maces & Flails
 12720 | Lair:3   | Noticed Fannar
 12800 | Lair:3   | Noticed a four-headed hydra
 12840 | Lair:2   | Killed an eight-headed hydra
 13179 | Lair:3   | Killed Fannar
 13202 | Lair:3   | Noticed a four-headed hydra
 13255 | Lair:1   | Killed Snorg
 13498 | Lair:3   | Killed a four-headed hydra
 13502 | Lair:3   | Killed a four-headed hydra
 13779 | Lair:3   | Found a hole to the Spider Nest.
 14184 | Lair:4   | Reached XP level 13. HP: 82/84 MP: 18/18
 15034 | Lair:5   | Noticed Josephine
 15124 | Lair:5   | Killed Josephine
 15271 | Lair:5   | Found a glowing silver altar of Zin.
 16082 | Lair:6   | Entered Level 6 of the Lair of Beasts
 16855 | Lair:6   | Found a stormy altar of Qazlal.
 16888 | Lair:6   | Gained mutation: Your large and strong wings let you fly indefinitely. [Gargoyle growth]
 16888 | Lair:6   | Reached XP level 14. HP: 84/92 MP: 20/20
 16930 | Lair:6   | Found a staircase to the Slime Pits.
 18633 | D:8      | Learned a level 1 spell: Apportation
 18822 | D:8      | Reached skill level 10 in Invocations
 18999 | D:9      | Found a staircase to the Orcish Mines.
 19506 | Orc:1    | Entered Level 1 of the Orcish Mines
 19771 | Orc:1    | Reached ****** piety under Qazlal
 19838 | Orc:2    | Entered Level 2 of the Orcish Mines
 20523 | Orc:2    | Found a roughly hewn altar of Beogh.
 20529 | Orc:2    | Noticed an orc warlord
 20552 | Orc:2    | Killed an orc warlord
 20709 | Orc:2    | Reached XP level 15. HP: 52/99 MP: 22/22
 21073 | Orc:2    | Found Diuwowni's Armour Shoppe.
 21640 | Orc:2    | Found a roughly hewn altar of Beogh.
 21767 | Orc:2    | Found Ybbukluz's Distillery.
 21772 | Orc:2    | Bought a potion of degeneration for 14 gold pieces
 21777 | Orc:2    | Found Deoneg's Distillery.
 22352 | Orc:2    | Found a staircase to the Elven Halls.
 22436 | Orc:2    | Found Rehesi's Book Emporium.
 22986 | D:10     | Entered Level 10 of the Dungeon
 23158 | D:10     | Noticed Sonja
 23159 | D:10     | Killed Sonja
 23268 | D:10     | Found Lenguac's Book Shop.
 23613 | D:11     | Found Yleisybefa's Jewellery Boutique.
 24272 | D:12     | Noticed endorz's ghost (journeyman MiBe)
 25657 | D:13     | Noticed Azrael
 25667 | D:13     | Reached XP level 16. HP: 98/107 MP: 16/24
 25674 | D:13     | Killed Azrael
 26254 | D:14     | Noticed Agnes
 26658 | D:14     | Killed Agnes
 26710 | D:14     | Reached skill level 15 in Armour
 26988 | D:14     | Found a gate to the Vaults.
 27216 | D:14     | Found an ancient bone altar of Kikubaaqudgha.
 27323 | D:14     | Reached skill level 15 in Fighting
 27448 | D:14     | Reached skill level 15 in Shields
 27513 | D:15     | Entered Level 15 of the Dungeon
 27577 | D:15     | Found a white marble altar of Elyvilon.
 28667 | D:15     | Found a staircase to the Depths.
 29204 | Spider:1 | Entered Level 1 of the Spider Nest
 29626 | Spider:1 | Reached XP level 17. HP: 111/113 MP: 26/26
 30987 | Spider:2 | Noticed Nikola
 31326 | Spider:2 | Killed Nikola
 32449 | Spider:4 | Entered Level 4 of the Spider Nest
 34029 | Spider:4 | Noticed Kirke
 34036 | Spider:4 | Reached XP level 18. HP: 91/121 MP: 17/28
 34038 | Spider:4 | Killed Kirke
 34646 | Spider:4 | Noticed Arachne
 34666 | Spider:4 | Killed Arachne
 35346 | Spider:4 | Got a gossamer rune of Zot
 35818 | D:11     | Bought an uncursed amulet of faith for 560 gold pieces
 35963 | Shoals:1 | Entered Level 1 of the Shoals
 36010 | Shoals:1 | Noticed Louise
 36031 | Shoals:1 | Killed Louise
 36240 | Shoals:1 | Noticed Roxanne
 38050 | Shoals:2 | Reached skill level 15 in Invocations
 38926 | Shoals:3 | Reached XP level 19. HP: 114/128 MP: 25/30
 39980 | Shoals:4 | Entered Level 4 of the Shoals
 40131 | Shoals:4 | Noticed Ilsuiw
 40210 | Shoals:3 | Killed Ilsuiw
 40210 | Shoals:3 | Reached skill level 15 in Maces & Flails
 40329 | Shoals:4 | Noticed Zigma's ghost (adept DrMo)
 40598 | Shoals:4 | Killed Zigma's ghost
 42606 | Shoals:4 | Got a barnacled rune of Zot
 43501 | Vaults:1 | Entered Level 1 of the Vaults
 43954 | Vaults:1 | Reached XP level 20. HP: 137/137 MP: 32/32
 44221 | Vaults:1 | Found Dabon's Food Emporium.
 45062 | Vaults:1 | Identified 3 scrolls of acquirement
 45100 | Vaults:1 | Found Diphirua's Magic Scroll Emporium.
 45515 | Vaults:1 | Got a pair of ancient boots
 45526 | Vaults:1 | Identified the -4 pair of boots of Untruth {rF+ rC+ rN+} (You acquired it on level 1 of the Vaults)
 45529 | Vaults:1 | Got a brightly glowing demon whip
 45530 | Vaults:1 | Identified the +4 demon whip of the Mushroom {elec, rN++ Str+4 Int+2} (You acquired it on level 1 of the Vaults)
 45572 | Vaults:1 | Noticed Aizul
 45588 | Vaults:1 | Killed Aizul
 45751 | Vaults:1 | Got an encrusted shield
 45762 | Vaults:1 | Identified the -5 shield of Midsummer {rC+ Str+4 Int+4} (You acquired it on level 1 of the Vaults)
 46561 | Vaults:1 | Found Idicvif's Jewellery Boutique.
 46726 | Vaults:1 | Found Caod's General Store.
 46939 | Vaults:1 | Found Bailagim's Magic Scroll Shop.
 46947 | Vaults:1 | Bought a scroll of silence for 82 gold pieces
 47739 | Vaults:2 | Found Qoykkis's Distillery.
 47745 | Vaults:2 | Bought a potion of heal wounds for 65 gold pieces
 47745 | Vaults:2 | Bought a potion of heal wounds for 65 gold pieces
 47745 | Vaults:2 | Bought a potion of resistance for 130 gold pieces
 47773 | Vaults:2 | Bought a potion of might for 52 gold pieces
 47838 | Vaults:2 | Reached skill level 1 in Dodging
 48673 | Vaults:3 | Reached XP level 21. HP: 121/144 MP: 33/33
 48951 | Vaults:3 | Found Saickis's Book Boutique.
 49331 | Vaults:3 | Found a staircase to the Crypt.
 49555 | Vaults:3 | Noticed Asterion
 49588 | Vaults:3 | Killed Asterion
 49677 | Vaults:3 | Found Hudwet's Armour Shoppe.
 50864 | Vaults:4 | Reached skill level 5 in Dodging
 50942 | Vaults:4 | Noticed Mennas
 50979 | Vaults:4 | Killed Mennas
 52153 | Vaults:3 | Reached XP level 22. HP: 152/152 MP: 35/35
 53713 | Vaults:4 | Upgraded the game from 0.20-a0-1111-g4e342e6 to 0.20-a0-1116-gaa52201
 53793 | Vaults:5 | Entered Level 5 of the Vaults
 53796 | Vaults:5 | Noticed an ancient lich
 54328 | Orc:2    | Bought a +1 cloak of magic resistance for 214 gold pieces
 54904 | Vaults:5 | Noticed an ancient lich
 54914 | Vaults:5 | Killed from afar by a titan

Vault maps used:
D:1:      kb_arrival_jail
D:2:      first_bread, serial_park_tiny_pond, uniq_natasha
D:3:      nicolae_qazlal_eye_of_the_storm
D:4:      nicolae_overflow_hidden_temple, temple_hall, minmay_tree_intersection,
          saegor_snake_ambush
D:7:      nrook_uturn, grunt_ogre_cave
D:8:      grunt_temple_overflow_lords_of_destruction,
          gammafunk_temple_overflow_statue, lemuel_coloured_pillars_altar,
          kennysheep_mini_moat, grunt_lair_entry_orc_guard_hut,
          nicolae_ru_sacrificial_ziggurat
D:9:      david_orc_1_choice
D:10:     serial_shops, shop, kennysheep_minor_cross, minmay_misc_feat_doors,
          uniq_sonja
D:11:     serial_shops, kennysheep_little_box
D:12:     grunt_ministairs_12
D:13:     uniq_azrael
D:14:     hangedman_vaults_entry_quadrant_bands, lemuel_crystal_altar,
          onia_ninara_dug_in_and_dangerous, uniq_agnes
D:15:     gammafunk_enter_depths_forms, elyvilon_altar_5
Lair:1:   lightli_volcano_entry_magma_tube, grunt_megastairs_1,
          serial_bayou_shore_a, serial_bayou_shore_b
Lair:2:   elwin_shoals_entry_rocks, zaba_anthell
Lair:3:   minmay_lair_venomous_thicket, spider_nest_entry_a, wad_woods_river_01,
          uniq_snorg, uniq_fannar
Lair:4:   beast_lair_carwin_1
Lair:5:   basic_altar, uniq_josephine
Lair:6:   minmay_lair_end_enchanted_forest, minmay_slime_entry_eyes,
          basic_altar, serial_bayou_shore_b, grunt_megastairs_4,
          infiniplex_staircase_pool
Shoals:1: uniq_louise, uniq_roxanne
Shoals:2: abandoned_shop
Shoals:3: st_sunken_temple
Shoals:4: shoals_end_simple, shoal_ilsuiw
Spider:1: hangedman_spider_tarantella_strand
Spider:2: uniq_nikola
Spider:4: grunt_spider_rune_parallel, spiders_nest_hornet_nest, uniq_arachne,
          uniq_kirke
Orc:2:    pubby_orc_utopia
Vaults:1: hangedman_vaults_stretched_pinwheel, nicolae_vaults_quartermaster,
          vaults_mumra_chevron, v_misc_16, serial_ice_h,
          ontoclasm_vaults_loading_screen, vaults_room_corners,
          hangedman_vaults_trim, nicolae_vaults_shelves_hall,
          vaults_room_hallway, vaults_dpeg_ring, serial_shops,
          nicolae_shop_window_shopping, nicolae_shop_waterfront,
          nicolae_shop_statue_plus, shop, shop, uniq_aizul
Vaults:2: nicolae_vaults_three_branches, grunt_vaults_hallway_short,
          nicolae_vaults_ring_of_whatevers, nicolae_vaults_ring_of_whatevers,
          vaults_room_hallway, v_misc_4, v_misc_12, ontoclasm_vaults_chip,
          nicolae_vaults_little_squares_6, nicolae_vaults_little_squares_5,
          v_misc_29, nicolae_vaults_twisting_passages, vaults_room_hallway,
          nicolae_vaults_big_angled_halls, vaults_room_stairs_pillars,
          serial_shops, nicolae_shop_stone
Vaults:3: ontoclasm_vaults_loading_screen, v_pattern_4,
          minmay_crypt_entry_vampire_xt, vaults_room_pool, v_misc_26,
          vaults_room_grid, nicolae_vaults_asterisk, grunt_vaults_twisty,
          v_misc_30, hangedman_vaults_capsules, vaults_mumra_minichess,
          nicolae_vaults_holding_cells, serial_shops, nicolae_shop_behind_doors,
          nicolae_shop_waterfront, uniq_asterion
Vaults:4: vaults_room_semicircle, grunt_vaults_diagonal, vaults_room_boxed,
          nicolae_vaults_circle_grid_a, ontoclasm_vaults_ring_large,
          dpeg_vaults_pockets_of_resistance, v_misc_26, v_alt_pattern_2,
          ontoclasm_vaults_chip, uniq_mennas
Vaults:5: uniq_bai_suzhen

Skill      XL: |  1  2  3  4  5  6  7  8  9 10 11 12 13 14 15 16 17 18 19 20 21 22 |
---------------+-------------------------------------------------------------------+-----
Fighting       | 4 5 6 8 9 10 11 12 13 14 15 16 17 18 19 20 | 20.8
Shields        | 4 5 6 8 9 10 11 12 13 14 15 | 15.2
Maces & Flails | 3 4 5 7 8 9 10 11 12 13 14 15 | 15.0
Armour         | 4 5 6 8 9 10 11 12 13 14 15 16 17 18 19 20 | 20.9
Invocations    | 1 4 7 9 10 11 12 14 15 16 17 18 19 | 19.3
Dodging        | 2 5 7 |  7.6

Action                   |  1- 3 |  4- 6 |  7- 9 | 10-12 | 13-15 | 16-18 | 19-21 | 22-24 || total
-------------------------+-------+-------+-------+-------+-------+-------+-------+-------++-------
Melee: Flail             |    67 |   296 |   484 |   630 |  1851 |  2089 |  1143 |       ||  6560
       War axe           |       |       |       |    58 |       |    26 |       |       ||    84
       Demon whip        |       |       |       |       |       |       |  1068 |   429 ||  1497
Invok: Upheaval          |       |       |       |     6 |    24 |    40 |    30 |    20 ||   120
       Elemental Force   |       |       |       |     1 |     3 |     4 |     4 |     5 ||    17
 Abil: Fly               |       |       |       |       |     1 |     1 |     2 |       ||     4
       Stop Flying       |       |       |       |       |       |     1 |     2 |       ||     3
Evoke: Wand              |       |       |       |       |       |       |       |     2 ||     2
  Use: Scroll            |       |     5 |       |     9 |     8 |     1 |    11 |     4 ||    38
       Potion            |       |     1 |     1 |     4 |     2 |     1 |     4 |     9 ||    22
  Eat: Chunk             |       |     9 |    13 |    16 |    56 |    37 |    38 |     3 ||   172
       Fruit             |       |       |     3 |     2 |       |       |     1 |       ||     6
       Meat ration       |       |       |     2 |     1 |       |       |     2 |     1 ||     6
Armor: Scale mail        |    12 |    40 |   222 |    38 |       |       |       |       ||   312
       Plate armour      |    18 |   172 |    13 |   330 |   531 |  1227 |   697 |   101 ||  3089
Dodge: Dodged            |    16 |    43 |   115 |   245 |   403 |   678 |   486 |    98 ||  2084
       Deflected         |       |       |       |     1 |    15 |    38 |    43 |     7 ||   104
Block: Shield            |    28 |   133 |   257 |   648 |  1512 |  2361 |  1591 |   286 ||  6816
       Other             |       |       |       |       |     5 |       |       |       ||     5
